Reakly vs CompositionB

Match 25930426
End
Construct Infanterie Kompanie
Pioneer Squad
Grenadier Squad
Grenadier Squad
Grenadier Squad
Construct Panzergrenadier Kompanie
Pak 40 Anti-tank Gun Team
Medical Station
Selects Mechanized Battlegroup
Selects Raid Package
Selects 8 Rad Armored Car
8 Rad Armored Car
8 Rad Armored Car
Pak 40 Anti-tank Gun Team
Panzergrenadier Officer Quarters
8 Rad Armored Car
Selects Spotting Scopes
Selects Stoßtruppen Assault Package
Panzergrenadier Squad
Selects Mechanized Assault
Mechanized Assault
Pak 40 Anti-tank Gun Team
Kettenkrad Recon Vehicle
Construct Panzer Kompanie
Panzer IV Medium Tank
CompositionB
Reakly
0
0

Comments sign in to comment!

CompositionB [U] 9 months ago

Dealing with assault engineer > quadmount opening